 Dungeon Crawl Stone Soup version 0.29.1-1-gd02db6906a (console) character file.

Game seed: 3222514909741331765

3 sentinel the Digger (level 1, 9/14 HPs)
             Began as a Meteoran Earth Elementalist on Oct 16, 2022.
             Quit the game on level 1 of the Dungeon.
             The game lasted 00:00:04 (103 turns).

sentinel the Digger (Meteoran Earth Elementalist)    Turns: 103, Time: 00:00:05

Health: 9/14       AC:  2    Str:  9    XL:     1   Next: 71%
Magic:  5/5        EV: 12    Int: 16    God:
Gold:   0          SH:  0    Dex: 14    Spells: 4/5 levels left

rFire   . . .      SeeInvis .   (no weapon)
rCold   . . .      Faith    .   (no shield)
rNeg    . . .      Spirit   .   a - +0 robe
rPois   .          Reflect  .   (no helmet)
rElec   .          Harm     .   (no cloak)
rCorr   .          Rampage  .   (no gloves)
Will    .....                   (no boots)
Stlth   +.........              (no amulet)
HPRegen 0.04/turn               (no ring)
MPRegen 0.09/turn               (no ring)

@: glowing
A: sense surroundings 1, otherworldly, glowing, explore regen
a: no special abilities


You were on level 1 of the Dungeon.
You visited 1 branch of the dungeon, and saw 1 of its levels.

Inventory:

Armour
 a - a +0 robe (worn)
Potions
 b - a potion of magic


   Skills:
 - Level 2.4 Dodging
 - Level 1.4 Stealth
 - Level 2.6 Spellcasting
 - Level 1.2 Transmutations
 + Level 3.9 Earth Magic


You had 4 spell levels left.
You knew the following spells:

 Your Spells              Type           Power      Damage    Failure   Level
a - Sandblast             Erth           28%        2d8       3%          1

Your spell library contained the following spells:

 Spells                   Type           Power      Damage    Failure   Level
 Passwall                 Tmut/Erth      8%         N/A       10%         2
 Stone Arrow              Conj/Erth      16%        3d8       26%         3
 Petrify                  Tmut/Erth      10%        N/A       54%         4


Dungeon Overview and Level Annotations

Branches:
Dungeon (1/15) Zot: 493

Altars:

Shops:
D:1 [


Innate Abilities, Weirdness & Mutations

You passively map a small area around you.
You are easily found by Zot.
You glow in the dark.
You regain HP and MP as you explore.


Message History

The goblin shouts!
You hear an angry hiss.
Unknown command.
The blast of sand hits the goblin!
You kill the goblin!
Unknown command.
The blast of sand misses the goblin.
A frilled lizard comes into view.
You see here a +0 dagger.
You are out of magic!
Unknown command.
You are out of magic!
Unknown command.
You are out of magic!
Unknown command.
You are out of magic!
Unknown command.
You barely miss the goblin. The goblin hits you with a +0 club.
You hit the goblin.
The goblin is moderately wounded.
The goblin hits you with a +0 club.
You are out of magic!
Unknown command.
You are out of magic!
Unknown command.
You are out of magic!
Unknown command.
You are out of magic!
Unknown command.
But you're not safe!
Unknown command.
But you're not safe!
Unknown command.
But you're not safe!
Unknown command.
But you're not safe!
Unknown command.
But you're not safe!
Unknown command.
You hit the goblin.
The goblin is severely wounded.
The goblin closely misses you.
You barely miss the goblin.
The goblin is severely wounded.
The goblin hits you but does no damage.
The blast of sand misses the goblin.
The goblin hits you with a +0 club. The goblin closely misses you.
Unknown command.
You are out of magic!
Unknown command.
You are out of magic!
Unknown command.
You are out of magic!
Unknown command.
You hit the goblin but do no damage.
The goblin is severely wounded.
The goblin barely misses you.
You closely miss the goblin.
The goblin is severely wounded.
The goblin hits you but does no damage.
You are out of magic!
Unknown command.
You are out of magic!
Unknown command.
You are out of magic!
Unknown command.
You are out of magic!
Unknown command.
You closely miss the goblin.
The goblin is severely wounded.
The goblin hits you with a +0 club.
You closely miss the goblin.
The goblin is severely wounded.
The goblin closely misses you.
You are out of magic!
Unknown command.
You are out of magic!
Unknown command.
You are out of magic!
Unknown command.
You are out of magic!
Unknown command.
But you're not safe!
Unknown command.
But you're not safe!
Unknown command.
But you're not safe!
Unknown command.
But you're not safe!
Unknown command.
But you're not safe!
Unknown command.
You hit the goblin.
You kill the goblin!
You closely miss the frilled lizard. The frilled lizard closely misses you.
You are out of magic!
Unknown command.
You are out of magic!
Unknown command.
You are out of magic!
Unknown command.
You are out of magic!
Unknown command.
You hit the frilled lizard.
The frilled lizard is heavily wounded.
The frilled lizard hisses.
The frilled lizard bites you.
You miss the frilled lizard.
The frilled lizard is heavily wounded.
The frilled lizard bites you.
You are out of magic!
Unknown command.
You are out of magic!
Unknown command.
You are out of magic!
Unknown command.
You are out of magic!
Unknown command.
You closely miss the frilled lizard.
The frilled lizard is heavily wounded.
The frilled lizard bites you.
You closely miss the frilled lizard.
The frilled lizard is heavily wounded.
The frilled lizard misses you.
The blast of sand hits the frilled lizard!
You kill the frilled lizard!
Unknown command.
You are out of magic!
Unknown command.
You are out of magic!
Unknown command.
You are out of magic!
Unknown command.
Things that are here:
a +0 club; a frilled lizard corpse You see here a +0 club.
There is an entrance to Gofuliy's Armour Shop here.
Magic restored.
Found 4 stones.
Unknown command.
A goblin comes into view. It is wielding a +0 club.
Unknown command.
But you're not safe!
Unknown command.
But you're not safe!
Unknown command.
Unknown command.
Unknown command.
Unknown command.
Unknown command.
Are you sure you want to abandon this character and quit the game? (Confirm with "yes".)

∩...# ,
###.#
##########
, * #.#
#........#
, * #.#
#.######.#
*, #.# #.#
#.# *
#.#####.#
#.# * *
#.......#
#.# , .,
#########
#.###..g.
#@.(.....
#########


You could see a goblin (asleep).

Vanquished Creatures
  A frilled lizard (D:1)
  2 goblins (D:1)
  A kobold (D:1)
4 creatures vanquished.

Notes
Turn   | Place    | Note
-------+----------+-------------------------------------------
     0 | D:1      | sentinel the Meteoran Earth Elementalist began the quest
                  | for the Orb.
     0 | D:1      | Reached XP level 1. HP: 14/14 MP: 5/5
    40 | D:1      | Found Gofuliy's Armour Shop.
   103 | D:1      | Quit the game

Illustrated notes

Levels and vault maps discovered:
D:1:      dpeg_arrival_round_a, layout_loops_ring, serial_shops, shop, shop,
          nicolae_shop_hallway_plus

Action                   || total
-------------------------++-------
Melee: Unarmed           ||    14
 Cast: Sandblast         ||     7
Armor: Robe              ||     2
Dodge: Dodged            ||     6
